 Dungeon Crawl Stone Soup version 0.28-a0-586-gbdb9d174a4 (webtiles) character file.

Game seed: 8096144638918893168

101 Antediluvian the Skirmisher (level 5, -4/42 HPs)
             Began as a Formicid Monk on Oct 3, 2021.
             Was an Initiate of Ashenzari.
             Slain by an iguana (6 damage)
             ... on level 3 of the Dungeon.
             The game lasted 00:06:10 (2821 turns).

Antediluvian the Skirmisher (Formicid Monk)         Turns: 2821, Time: 00:06:11

Health: -4/42      AC:  5    Str: 16    XL:     5   Next: 4%
Magic:  5/5        EV: 11    Int: 10    God:    Ashenzari [......]
Gold:   113        SH:  0    Dex: 13    Spells: 4/4 levels left

rFire   . . .      SeeInvis +   a - +0 mace "Gnosis of the Ether" {Melee, Cun} (curse)
rCold   . . .      Faith    .   (no shield)
rNeg    . . .      Spirit   .   n - +0 ring mail
rPois   .          Reflect  .   (helmet unavailable)
rElec   .          Harm     .   (no cloak)
rCorr   .          Rampage  .   (no gloves)
Will    .....                   (no boots)
Stlth   +.........              (no amulet)
HPRegen 0.14/turn               (no ring)
MPRegen 0.09/turn               (no ring)

@: no status effects
A: permanent stasis, dig shafts and tunnels, antennae 3, four strong arms
a: Dig, Shaft Self, Renounce Religion, Curse Item, Shatter the Chains


You were on level 3 of the Dungeon.
You worshipped Ashenzari.
Ashenzari was noncommittal.
You visited 1 branch of the dungeon, and saw 3 of its levels.

You collected 113 gold pieces.

Inventory:

Hand Weapons
 a - the cursed +0 mace "Gnosis of the Ether" (weapon) {Melee, Cun}

   It has a curse which improves the following skills: Melee Combat: Short
   Blades, Long Blades, Axes, Maces & Flails, Polearms, Staves and Unarmed
   Combat.
   Cunning:   Dodging and Stealth.
 i - a +0 whip
Armour
 n - a +0 ring mail (worn)
Jewellery
 l - a ring of fire
Potions
 f - a potion of resistance
 g - a potion of curing
 h - a potion of flight
 m - a potion of mutation


   Skills:
 + Level 4.3 Fighting
 + Level 3.9(4.4) Maces & Flails
 + Level 2.4 Armour
 - Level 2.6(3.1) Dodging
 - Level 2.4(2.8) Stealth


You had 4 spell levels left.
You didn't know any spells.
Your spell library contained the following spells:

 Spells                   Type           Power      Damage    Failure   Level
 Call Canine Familiar     Summ           0%         N/A       91%         3
 Portal Projectile        Hex/Tloc       0%         N/A       91%         3
 Leda's Liquefaction      Hex/Erth       0%         N/A       100%        4


Dungeon Overview and Level Annotations

Branches:
Dungeon (3/15)

Altars:
Ashenzari
Makhleb


Innate Abilities, Weirdness & Mutations

You cannot be hasted, slowed, berserked, paralysed or teleported.
You can dig through walls and to a lower floor.
You have a pair of large antennae on your head. (SInv)
Your four strong arms can wield two-handed weapons with a shield.


Message History

A frilled lizard comes into view.
You hit the frilled lizard.
You kill the frilled lizard!
An adder comes into view.
The adder hisses angrily.
You hear an angry hiss.
An iguana comes into view.
You barely miss the adder. The adder misses you. The adder bites you.
You sock the adder!
The adder is severely wounded.
The adder barely misses you.
You completely miss the adder.
The adder is heavily wounded.
The adder closely misses you. The adder barely misses you.
You hit the adder but do no damage.
The adder is heavily wounded.
The adder bites you but does no damage.
You sock the adder!
You kill the adder!
The iguana misses you.
You have reached level 5!
You barely miss the iguana.
The iguana hisses menacingly.
The iguana bites you!
You barely miss the iguana. The iguana bites you.
You hit the iguana.
The iguana is lightly wounded.
The iguana bites you!
You hit the iguana but do no damage.
The iguana is lightly wounded.
The iguana bites you.
You hit the iguana.
The iguana is moderately wounded.
The iguana bites you!
* * * LOW HITPOINT WARNING * * *
You hit the iguana but do no damage.
The iguana is moderately wounded.
The iguana bites you.
* * * LOW HITPOINT WARNING * * *
The iguana bites you.
You die...

.............####
†####.............
....+.............
.####......!..##..
## ##.......###.#
# ##...........
##...#####.#
##'######l#
#......#@#
#.####.#.#
##.####.#.#
########...#.....#
.............#.###
#.######.......#
..# ##.###### #.#
### #.#


You could see an iguana.

Vanquished Creatures
  4 adders
  2 worms (D:2)
  2 dart slugs
  An orc (D:3)
  5 ball pythons
  5 bats
  4 endoplasms
  2 giant cockroaches (D:2)
  4 goblins
  6 hobgoblins
  2 jackals (D:1)
  A quokka (D:2)
  3 frilled lizards
  9 kobolds
  6 rats
56 creatures vanquished.

Notes
Turn   | Place    | Note
-------+----------+-------------------------------------------
     0 | D:1      | Antediluvian the Formicid Monk began the quest for the Orb.
     0 | D:1      | Reached XP level 1. HP: 18/18 MP: 1/1
   148 | D:1      | Reached XP level 2. HP: 18/24 MP: 2/2
   243 | D:1      | Reached skill level 1 in Armour
   443 | D:1      | Reached XP level 3. HP: 30/30 MP: 3/3
   651 | D:1      | Found a faded altar of an unknown god.
   734 | D:1      | Became a worshipper of Ashenzari the Shackled
  1309 | D:2      | Reached XP level 4. HP: 17/37 MP: 4/4
  1610 | D:2      | Reached skill level 4 in Fighting
  2424 | D:3      | Found a burning altar of Makhleb.
  2816 | D:3      | Reached XP level 5. HP: 40/42 MP: 5/5
  2821 | D:3      | HP: 2/42 [iguana (1)]
  2821 | D:3      | Slain by an iguana

Illustrated notes

Levels and vault maps discovered:
D:1:      sevenhm_arrival_forest_fort_large_2, layout_rooms,
          shapermc_ecumenical_altar_venn, hangedman_decor_points,
          chequers_serial_rivers_small_a
D:2:      layout_basic
D:3:      layout_loops_corners, general_overflow_altar, mrwooster_statue_mirror

Skill      XL: |  1  2  3  4 |
---------------+-------------+-----
Armour         | 1 2 |  2.4
Fighting       | 4 |  4.3
Maces & Flails | |  3.9
Dodging        | |  2.6
Stealth        | |  2.4

Action                   |  1- 3 |  4- 6 || total
-------------------------+-------+-------++-------
Melee: Mace              |    70 |    75 ||   145
Invok: Curse Item        |     1 |       ||     1
 Stab: Sleeping          |     4 |     2 ||     6
Armor: Robe              |    11 |     9 ||    20
       Ring mail         |       |     1 ||     1
Dodge: Dodged            |    39 |    49 ||    88

Table legend: (Time is in decaauts)
 A = Elapsed time spent in this place.
 B = Non-inter-level travel time spent in this place.
 C = Inter-level travel time spent in this place.
 D = Time resting spent in this place.
 E = Time spent auto-exploring this place.
 F = Levels seen in this place.
 G = Mean time per level.
                   A        B        C        D        E       F      G
               +--------+--------+--------+--------+--------+-----+--------+
         Total |   2851 |   2784 |     67 |      0 |   2259 |   3 |  950.3 |
       Dungeon |   2851 |   2784 |     67 |      0 |   2259 |   3 |  950.3 |
               +--------+--------+--------+--------+--------+-----+--------+

Top non-repeatable levels by time:
     D:2: 1483 daAuts
     D:1: 950 daAuts
     D:3: 417 daAuts
